PAAA
BAKERSFIELD NOBLES @ FOREST CITY WARRIORS
08/25/2041
 
TOP OF THE 1ST
Bakersfield Nobles batting - Pitching for Forest City Warriors : RHP Hsiao-lou Lei
Pitching: RHP Hsiao-lou Lei
Batting: LHB Chris Fitzgerald 0-0: Called Strike
0-1: Ball
1-1: Ball
2-1: Swinging Strike
2-2: Ball
3-2: Strikes out swinging
Batting: LHB Bharti Mona 0-0: Ball
1-0: Ball
2-0: Ball
3-0: Base on Balls
Batting: SHB Jason Graham 0-0: Ball
1-0: Fly out, F7 (Flyball, 7S, EV 90.6 MPH)
Batting: LHB Freddy Díaz 0-0: Swinging Strike
Bharti Mona is caught stealing 2nd base 2-6
Top of the 1st over - 0 runs, 0 hits, 0 errors, 0 left on base; Bakersfield 0 - Forest City 0
BOTTOM OF THE 1ST
Forest City Warriors batting - Pitching for Bakersfield Nobles : RHP Elton Coalan
Pitching: RHP Elton Coalan
Batting: RHB Roberto Vázquez 0-0: Called Strike
0-1: Ball
1-1: Ball
2-1: Called Strike
2-2: Foul Ball, location: 2F
2-2: Ground out U3 (Groundball, 34, EV 80.6 MPH)
Batting: RHB Ernest Franks 0-0: Called Strike
0-1: Called Strike
0-2: Strikes out swinging
Batting: LHB Lauren Hilfiker 0-0: Called Strike
0-1: Swinging Strike
0-2: Ball
1-2: Ball
2-2: Ball
3-2: Base on Balls
Batting: RHB Wilbur Davis 0-0: Called Strike
0-1: Swinging Strike
0-2: Ball
1-2: Strikes out swinging
Bottom of the 1st over - 0 runs, 0 hits, 0 errors, 1 left on base; Bakersfield 0 - Forest City 0
TOP OF THE 2ND
Bakersfield Nobles batting - Pitching for Forest City Warriors : RHP Hsiao-lou Lei
Batting: LHB Freddy Díaz 0-0: Foul Ball, location: 2F
0-1: SOLO HOME RUN (Flyball, 89XD, EV 107.5 MPH), Distance : 384 ft
Batting: RHB Asbel Kiprop 0-0: Called Strike
0-1: SOLO HOME RUN (Flyball, 7LD, EV 96.2 MPH), Distance : 351 ft
Batting: RHB Tyler Bowen 0-0: Ground out 5-3 (Groundball, 56, EV 86.2 MPH)
Batting: SHB Willie McGirt 0-0: Ball
1-0: Called Strike
1-1: Ground out 4-3 (Groundball, 4, EV 96.2 MPH)
Batting: SHB Marc Cadiou 0-0: Ball
1-0: Ball
2-0: Foul Ball, location: 2F
2-1: Ball
3-1: Called Strike
3-2: Fly out, F8 (Flyball, 8RD, EV 88.1 MPH)
Top of the 2nd over - 2 runs, 2 hits, 0 errors, 0 left on base; Bakersfield 2 - Forest City 0
BOTTOM OF THE 2ND
Forest City Warriors batting - Pitching for Bakersfield Nobles : RHP Elton Coalan
Batting: RHB Sigi Lang 0-0: Called Strike
0-1: Ball
1-1: Fly out, F8 (Flyball, 78D, EV 100.6 MPH)
Batting: RHB Chris Walters 0-0: Fly out, F9 (Flyball, 9LS, EV 79.4 MPH)
Batting: RHB José Álvarez 0-0: Ball
1-0: Ball
2-0: Foul Ball, location: 2F
2-1: Ball
3-1: Swinging Strike
3-2: Foul Ball, location: 2F
3-2: Foul Ball, location: 2F
3-2: Ground out 6-3 (Groundball, 6, EV 77.5 MPH)
Bottom of the 2nd over - 0 runs, 0 hits, 0 errors, 0 left on base; Bakersfield 2 - Forest City 0
TOP OF THE 3RD
Bakersfield Nobles batting - Pitching for Forest City Warriors : RHP Hsiao-lou Lei
Batting: RHB Carlos Miranda 0-0: Ground out 1-3 (Groundball, 34S, EV 71.9 MPH)
Batting: LHB Chris Fitzgerald 0-0: Called Strike
0-1: Foul Ball, location: 2F
0-2: Foul Ball, location: 2F
0-2: Ball
1-2: SINGLE (Groundball, 4MD, EV 100.0 MPH)
Batting: LHB Bharti Mona 0-0: Hit by Pitch
Chris Fitzgerald to second
Batting: SHB Jason Graham 0-0: Ball
1-0: Grounds out, U3 (Groundball, 3L, EV 86.9 MPH)
Chris Fitzgerald to third
Batting: LHB Freddy Díaz 0-0: Called Strike
0-1: Ball
1-1: Foul Ball, location: 2F
1-2: Ball
2-2: Ground out 1-3 (Groundball, P, EV 90.6 MPH)
Top of the 3rd over - 0 runs, 1 hit, 0 errors, 2 left on base; Bakersfield 2 - Forest City 0
BOTTOM OF THE 3RD
Forest City Warriors batting - Pitching for Bakersfield Nobles : RHP Elton Coalan
Batting: RHB Armando Altagracia 0-0: Swinging Strike
0-1: Ball
1-1: Ball
2-1: SINGLE (Line Drive, 78M, EV 100.6 MPH)
Batting: RHB Dale Epner 0-0: Ball
1-0: Called Strike
1-1: Ball
2-1: Ball
3-1: Fielders Choice at 2nd, 6-4 (Groundball, 6, EV 84.4 MPH)
Batting: RHB Roberto Vázquez 0-0: Called Strike
0-1: Called Strike
0-2: Foul Ball, location: 2F
0-2: Ball
1-2: Hit by Pitch
Dale Epner to second
Batting: RHB Ernest Franks 0-0: SINGLE (Groundball, 56D, EV 94.4 MPH)
Dale Epner to third
Roberto Vázquez to second
Runner from 3rd tries for Home, throw by LF and OUT! 7-2
Batting: LHB Lauren Hilfiker 0-0: Ball
1-0: Ball
2-0: Ball
3-0: Called Strike
3-1: Ground out U3 (Groundball, 3S, EV 89.4 MPH)
Bottom of the 3rd over - 0 runs, 2 hits, 0 errors, 2 left on base; Bakersfield 2 - Forest City 0
TOP OF THE 4TH
Bakersfield Nobles batting - Pitching for Forest City Warriors : RHP Hsiao-lou Lei
Batting: RHB Asbel Kiprop 0-0: Ball
1-0: Ball
2-0: Called Strike
2-1: DOUBLE (Flyball, 8RXD, EV 98.1 MPH)
Batting: RHB Tyler Bowen 0-0: Ball
1-0: Called Strike
1-1: Ground out 5-3 (Groundball, 56S, EV 81.2 MPH)
Batting: SHB Willie McGirt 0-0: Swinging Strike
0-1: Swinging Strike
0-2: Ball
1-2: Ball
2-2: Foul Ball, location: 2F
2-2: Foul Ball, location: 2F
2-2: Ball
3-2: Foul Ball, location: 2F
3-2: Foul Ball, location: 2F
3-2: Fly out, F6 (Popup, 6M, EV 70.6 MPH)
Batting: SHB Marc Cadiou 0-0: Fly out, F4 (Line Drive, 4, EV 68.8 MPH)
Top of the 4th over - 0 runs, 1 hit, 0 errors, 1 left on base; Bakersfield 2 - Forest City 0
BOTTOM OF THE 4TH
Forest City Warriors batting - Pitching for Bakersfield Nobles : RHP Elton Coalan
Batting: RHB Wilbur Davis 0-0: Ball
1-0: Called Strike
1-1: SINGLE (Groundball, 56D, EV 95.6 MPH)
Batting: RHB Sigi Lang 0-0: Called Strike
0-1: Grounds into double play, 6-4-3 (Groundball, 6, EV 85.6 MPH)
Batting: RHB Chris Walters 0-0: Ball
1-0: Swinging Strike
1-1: Called Strike
1-2: Foul Ball, location: 2F
1-2: Strikes out looking
Bottom of the 4th over - 0 runs, 1 hit, 0 errors, 0 left on base; Bakersfield 2 - Forest City 0
TOP OF THE 5TH
Bakersfield Nobles batting - Pitching for Forest City Warriors : RHP Hsiao-lou Lei
Batting: RHB Carlos Miranda 0-0: Called Strike
0-1: DOUBLE (Flyball, 8LXD, EV 105.0 MPH)
Batting: LHB Chris Fitzgerald 0-0: Ball
1-0: Called Strike
1-1: Ball
2-1: Ground out 4-3 (Groundball, 34D, EV 106.2 MPH)
Carlos Miranda to third
Batting: LHB Bharti Mona 0-0: Fly out, F8 (Flyball, 78M, EV 85.6 MPH)
Runner from 3rd tags up, OUT at HOME! 8-2
Top of the 5th over - 0 runs, 1 hit, 0 errors, 0 left on base; Bakersfield 2 - Forest City 0
BOTTOM OF THE 5TH
Forest City Warriors batting - Pitching for Bakersfield Nobles : RHP Elton Coalan
Batting: RHB José Álvarez 0-0: SINGLE (Flyball, 9S, EV 88.1 MPH)
Batting: RHB Armando Altagracia 0-0: Fly out, F8 (Flyball, 8LS, EV 86.2 MPH)
Batting: RHB Dale Epner 0-0: Ball
1-0: Fly out, F8 (Flyball, 8RM, EV 83.8 MPH)
Batting: RHB Roberto Vázquez 0-0: Ball
1-0: Called Strike
1-1: Fly out, F9 (Flyball, 89D, EV 107.5 MPH)
Bottom of the 5th over - 0 runs, 1 hit, 0 errors, 1 left on base; Bakersfield 2 - Forest City 0
TOP OF THE 6TH
Bakersfield Nobles batting - Pitching for Forest City Warriors : RHP Hsiao-lou Lei
Batting: SHB Jason Graham 0-0: Ball
1-0: Called Strike
1-1: Ball
2-1: Foul Ball, location: 2F
2-2: SINGLE (Groundball, 4MD, EV 100.0 MPH)
Batting: LHB Freddy Díaz 0-0: Ball
1-0: Ball
2-0: Called Strike
2-1: Ball
3-1: Base on Balls
Jason Graham to second
Batting: RHB Asbel Kiprop 0-0: Ball
1-0: Foul Ball, location: 2F
1-1: Called Strike
1-2: Foul Ball, location: 2F
1-2: Strikes out swinging
Batting: RHB Tyler Bowen 0-0: Called Strike
0-1: Called Strike
0-2: Ball
1-2: Ball
2-2: Ball
3-2: Foul Ball, location: 2F
3-2: Fly out, F8 (Flyball, 8RXD, EV 102.5 MPH)
Runner from 2nd tags up, SAFE at 3rd, no throw by CF
Batting: SHB Willie McGirt 0-0: Ball
1-0: Ball
2-0: Ball
3-0: Foul Ball, location: 2F
3-1: Foul Ball, location: 2F
3-2: Base on Balls
Freddy Díaz to second
Batting: SHB Marc Cadiou 0-0: Foul Ball, location: 2F
0-1: Ball
1-1: Ball
2-1: Ball
3-1: Base on Balls
Jason Graham scores
Freddy Díaz to third
Willie McGirt to second
Pitching: RHP Daryl Keirl
Batting: RHB Carlos Miranda 0-0: Called Strike
0-1: Fielders Choice at 2nd, 6-4 (Groundball, 6, EV 103.8 MPH)
Top of the 6th over - 1 run, 1 hit, 0 errors, 3 left on base; Bakersfield 3 - Forest City 0
BOTTOM OF THE 6TH
Forest City Warriors batting - Pitching for Bakersfield Nobles : RHP Elton Coalan
Batting: RHB Ernest Franks 0-0: Ball
1-0: Ball
2-0: Fly out, F7 (Flyball, 78M, EV 93.1 MPH)
Batting: LHB Lauren Hilfiker 0-0: Ball
1-0: Ground out 4-3 (Groundball, 4, EV 97.5 MPH)
Batting: RHB Wilbur Davis 0-0: Swinging Strike
0-1: Ball
1-1: Ball
2-1: Foul Ball, location: 2F
2-2: Ball
3-2: Ground out 6-3 (Groundball, 56, EV 98.8 MPH)
Bottom of the 6th over - 0 runs, 0 hits, 0 errors, 0 left on base; Bakersfield 3 - Forest City 0
TOP OF THE 7TH
Bakersfield Nobles batting - Pitching for Forest City Warriors : RHP Daryl Keirl
Batting: LHB Chris Fitzgerald 0-0: Ground out 4-3 (Groundball, 4, EV 86.2 MPH)
Batting: LHB Bharti Mona 0-0: Called Strike
0-1: Ground out 1-3 (Groundball, 34S, EV 80.0 MPH)
Batting: SHB Jason Graham 0-0: Ball
1-0: Called Strike
1-1: Swinging Strike
1-2: Strikes out swinging
Top of the 7th over - 0 runs, 0 hits, 0 errors, 0 left on base; Bakersfield 3 - Forest City 0
BOTTOM OF THE 7TH
Forest City Warriors batting - Pitching for Bakersfield Nobles : RHP Elton Coalan
Batting: RHB Sigi Lang 0-0: Ball
1-0: Called Strike
1-1: Ball
2-1: Ball
3-1: Called Strike
3-2: Strikes out swinging
Pitching: LHP Pavle Simic
Batting: RHB Chris Walters 0-0: Ball
1-0: Ball
2-0: Foul Ball, location: 2F
2-1: Fly out, F9 (Flyball, 9LS, EV 81.9 MPH)
Batting: RHB José Álvarez 0-0: Foul Ball, location: 2F
0-1: Ball
1-1: Ball
2-1: Called Strike
2-2: Ball
3-2: Base on Balls
Batting: RHB Armando Altagracia 0-0: Swinging Strike
José Álvarez steals 2nd base
0-1: Ball
1-1: Ground out 6-3 (Groundball, 6, EV 108.1 MPH)
Bottom of the 7th over - 0 runs, 0 hits, 0 errors, 1 left on base; Bakersfield 3 - Forest City 0
TOP OF THE 8TH
Bakersfield Nobles batting - Pitching for Forest City Warriors : RHP Daryl Keirl
Batting: LHB Freddy Díaz 0-0: Called Strike
0-1: SOLO HOME RUN (Flyball, 9D, EV 105.6 MPH), Distance : 368 ft
Batting: RHB Asbel Kiprop 0-0: Foul Ball, location: 2F
0-1: Ball
1-1: Ground out 5-3 (Groundball, 56S, EV 92.5 MPH)
Batting: RHB Tyler Bowen 0-0: Ball
1-0: Fly out, F9 (Flyball, 9S, EV 88.1 MPH)
Batting: SHB Willie McGirt 0-0: Ball
1-0: Ball
2-0: Swinging Strike
2-1: Ball
3-1: Called Strike
3-2: Ground out 4-3 (Groundball, 4S, EV 80.6 MPH)
Top of the 8th over - 1 run, 1 hit, 0 errors, 0 left on base; Bakersfield 4 - Forest City 0
BOTTOM OF THE 8TH
Forest City Warriors batting - Pitching for Bakersfield Nobles : LHP Pavle Simic
Batting: RHB Dale Epner 0-0: Ball
1-0: Swinging Strike
1-1: Foul Ball, location: 2F
1-2: Fly out, F9 (Line Drive, 9D, EV 91.2 MPH)
Batting: RHB Roberto Vázquez 0-0: Called Strike
0-1: Ball
1-1: Ball
2-1: Ball
3-1: Fly out, F9 (Flyball, 9LD, EV 97.5 MPH)
Batting: RHB Ernest Franks 0-0: Called Strike
0-1: Foul Ball, location: 2F
0-2: Ball
1-2: Ball
2-2: Foul Ball, location: 2F
2-2: Ground out 6-3 (Groundball, 56, EV 82.5 MPH)
Bottom of the 8th over - 0 runs, 0 hits, 0 errors, 0 left on base; Bakersfield 4 - Forest City 0
TOP OF THE 9TH
Bakersfield Nobles batting - Pitching for Forest City Warriors : RHP Daryl Keirl
Pitching: LHP Sergio Ramírez
Batting: SHB Marc Cadiou 0-0: Swinging Strike
0-1: Called Strike
0-2: Strikes out swinging
Batting: RHB Carlos Miranda 0-0: Called Strike
0-1: Called Strike
0-2: Fly out, F7 (Flyball, 7, EV 73.8 MPH)
Batting: LHB Chris Fitzgerald 0-0: Called Strike
0-1: Foul Ball, location: 2F
0-2: Foul Ball, location: 2F
0-2: Ball
1-2: Foul Ball, location: 2F
1-2: Ball
2-2: Fly out, F9 (Flyball, 9S, EV 85.6 MPH)
Top of the 9th over - 0 runs, 0 hits, 0 errors, 0 left on base; Bakersfield 4 - Forest City 0
BOTTOM OF THE 9TH
Forest City Warriors batting - Pitching for Bakersfield Nobles : LHP Pavle Simic
Batting: LHB Lauren Hilfiker 0-0: Ball
1-0: Ball
2-0: Ball
3-0: Base on Balls
Batting: RHB Wilbur Davis 0-0: Ball
1-0: Ball
2-0: Ball
3-0: Foul Ball, location: 2F
3-1: Base on Balls
Lauren Hilfiker to second
Pitching: RHP Carlos Vargas
Batting: RHB Sigi Lang 0-0: Ball
1-0: Called Strike
1-1: Ball
2-1: Foul Ball, location: 2F
2-2: Ball
3-2: SINGLE (Flyball, 7LM, EV 106.2 MPH)
Lauren Hilfiker to third
Wilbur Davis to second
Pinch Hitting: LHB Pat Carter 0-0: Ball
1-0: Called Strike
1-1: Ball
2-1: Foul Ball, location: 2F
2-2: Ball
3-2: Strikes out swinging
Pinch Hitting: LHB Pedro Guerrero 0-0: Fly out, F9 (Flyball, 9D, EV 107.5 MPH)
Runner from 3rd tags up, SCORES, no throw by RF
Pinch Hitting: LHB Sadatake Abe 0-0: Ball
1-0: Called Strike
1-1: Foul Ball, location: 2F
1-2: Foul Ball, location: 2F
1-2: Hit by Pitch
Wilbur Davis to third
Sigi Lang to second
Pinch Hitting: LHB Derek Healey 0-0: Swinging Strike
0-1: Ball
1-1: Foul Ball, location: 2F
1-2: Strikes out swinging
Bottom of the 9th over - 1 run, 1 hit, 0 errors, 3 left on base; Bakersfield 4 - Forest City 1
Tuesday, January 5th, 2021 - OOTP Baseball 20.8 Build 74